 Dungeon Crawl Stone Soup version 0.28-a0-657-g71136c5590 (webtiles) character file.

Game seed: 5568209928054407641

137 KristoblXynda the Insei (level 5, 0/44 HPs)
             Began as a Naga Transmuter on Oct 13, 2021.
             Succumbed to a water moccasin's poison
             ... on level 4 of the Dungeon.
             The game lasted 00:05:11 (3360 turns).

KristoblXynda the Insei (Naga Transmuter)           Turns: 3360, Time: 00:05:12

Health: 0/44       AC:  3    Str: 18    XL:     5   Next: 20%
Magic:  8/8        EV: 10    Int: 15    God:
Gold:   154        SH:  0    Dex: 13    Spells: 7/8 levels left

rFire   . . .      SeeInvis +     - Unarmed
rCold   . . .      Faith    .   (no shield)
rNeg    . . .      Spirit   .   a - +0 robe
rPois   +          Reflect  .   (helmet currently unavailable)
rElec   .          Harm     .   (no cloak)
rCorr   .          Rampage  .   e - +0 pair of gloves
Will    .....                   (no barding)
Stlth   ++........              (no amulet)
HPRegen 0.14/turn               b - +6 ring of strength
MPRegen 0.11/turn               c - +4 ring of slaying

@: lethally poisoned (0 -> -16), appendages, very slightly contaminated, very
slow
A: horns 2, AC +1, large, see invisible, deformed body, poison resistance,
slowness 2, spit poison 1, naga tail 1, clever 1, wild magic 1
a: Spit Poison, End Transformation


You were on level 4 of the Dungeon.
You had temporarily grown beastly horns.
You visited 1 branch of the dungeon, and saw 4 of its levels.

You collected 154 gold pieces.

Inventory:

Hand Weapons
 g - a +1 vampiric scimitar
 o - a +0 short sword of flaming
Missiles
 m - a throwing net
Armour
 a - a +0 robe (worn)
 e - a +0 pair of gloves (worn)
Jewellery
 b - a +6 ring of strength (left hand)
 c - a +4 ring of slaying (right hand)
 h - a ring of protection from cold
 l - a ring of flight
Wands
 p - a wand of iceblast (7)
Scrolls
 f - 2 scrolls of amnesia {unknown}
 i - a scroll of identify {unknown}
Potions
 d - a potion of invisibility {unknown}
 j - a potion of magic
 k - a potion of curing {unknown}
 n - a potion of flight {unknown}


   Skills:
 - Level 1.0 Fighting
 + Level 2.5 Dodging
 + Level 2.9 Stealth
 + Level 3.9 Unarmed Combat
 - Level 2.0 Spellcasting
 + Level 3.1 Transmutations


You had 7 spell levels left.
You knew the following spells:

 Your Spells              Type           Power      Damage    Failure   Level
a - Beastly Appendage     Tmut           28%        N/A       10%         1

Your spell library contained the following spells:

 Spells                   Type           Power      Damage    Failure   Level
 Wereblood                Tmut           14%        N/A       13%         2
 Static Discharge         Conj/Air       1%         N/A       41%         2
 Spider Form              Tmut/Pois      4%         N/A       43%         3
 Ice Form                 Ice/Tmut       8%         N/A       82%         4
 Lightning Bolt           Conj/Air       0%         1d11      100%        5
 Maxwell's Capacitive Co  Air            0%         ∞         100%        8


Dungeon Overview and Level Annotations

Branches:
Dungeon (4/15)
 Temple: D:4-7

Altars:
Sif Muna
Trog


Innate Abilities, Weirdness & Mutations

You have temporarily grown beastly horns.
Your serpentine skin is tough. (AC +1)
You have supernaturally acute eyesight. (SInv)
Armour fits poorly on your strangely shaped body.
Your system is resistant to poisons. (rPois)
You cover ground very slowly.
You can spit poison.
You have a snake-like lower body.
Your mind is acute. (Int +2)
Your spells are a little harder to cast, but a little more powerful.


Message History

Press: ? - help, Shift-Dir - straight line, f - water moccasin
Aim: a water moccasin The splash of poison hits the water moccasin.
The water moccasin is lightly wounded.
Casting: Beastly Appendage (safe; 7% risk of failure)
Confirm with . or Enter, or press ? or * to list all spells.
You miscast Beastly Appendage.
You are very lightly contaminated with residual magic.
Nothing appears to happen.
The hobgoblin shouts!
Casting: Beastly Appendage (safe; 7% risk of failure)
Confirm with . or Enter, or press ? or * to list all spells.
You grow a pair of large bovine horns.
The water moccasin bites you.
You are poisoned.
The water moccasin poisons you!
A ball python comes into view.
You barely miss the water moccasin.
Your headbutt misses the water moccasin.
The water moccasin is lightly wounded.
You feel very sick. The water moccasin barely misses you.
You hit the water moccasin but do no damage.
The water moccasin is lightly wounded.
You feel sick. The water moccasin bites you.
You are more poisoned.
The water moccasin poisons you! The water moccasin closely misses you.
You closely miss the water moccasin.
The water moccasin is lightly wounded.
You feel very sick. The water moccasin bites you.
It was a potion of magic.
Magic courses through your body.
You have got your breath back.
You feel very sick. The water moccasin bites you!
* * * LOW HITPOINT WARNING * * *
The hobgoblin hits you.
* * * LOW HITPOINT WARNING * * *
It was a potion of mutation.
You feel extremely strange.
You feel clever.
You feel less in control of your magic.
You die...

........#......#
.)#.##.........#
.. #..........#
. #+++###....#
#....# #...(#
#...(#####
#........#
#@.......#
#Sg......#
.........#
..........#
..#........#
...##########
.... ....


You could see a water moccasin and a hobgoblin.

Vanquished Creatures
  4 adders
  A worm (D:3)
  5 dart slugs
  4 ball pythons
  6 bats
  6 endoplasms
  4 giant cockroaches
  11 goblins
  7 hobgoblins
  3 jackals (D:3)
  6 quokkas
  13 frilled lizards
  8 kobolds
  6 rats
84 creatures vanquished.

Vanquished Creatures (others)
  10 plants
10 creatures vanquished.

Grand Total: 94 creatures vanquished

Notes
Turn   | Place    | Note
-------+----------+-------------------------------------------
     0 | D:1      | KristoblXynda the Naga Transmuter began the quest for the
                  | Orb.
     0 | D:1      | Reached XP level 1. HP: 18/18 MP: 3/3
   227 | D:1      | Reached XP level 2. HP: 22/25 MP: 5/5
   816 | D:1      | Reached XP level 3. HP: 25/31 MP: 6/6
   934 | D:1      | Reached skill level 1 in Stealth
  1057 | D:1      | Found a faded altar of an unknown god.
  1637 | D:2      | Found a bloodstained altar of Trog.
  1703 | D:2      | Reached XP level 4. HP: 29/38 MP: 7/7
  2663 | D:3      | Reached XP level 5. HP: 43/44 MP: 8/8
  3175 | D:3      | Found a shimmering blue altar of Sif Muna.
  3243 | D:4      | Noticed a water moccasin
  3360 | D:4      | Gained mutation: Your mind is acute. (Int +2) [potion of
                  | mutation]
  3360 | D:4      | Gained mutation: Your spells are a little harder to cast,
                  | but a little more powerful. [potion of mutation]
  3360 | D:4      | Succumbed to a water moccasin's poison

Illustrated notes

Levels and vault maps discovered:
D:1:      psy_arrival_statuary, layout_basic,
          shapermc_ecumenical_altar_mp_ritualfount
D:2:      layout_loops_cross, basic_altar, serial_park_tiny_pond
D:3:      layout_loops_ring, led_sif_pool, minmay_misc_feat_chi, st_stairs_8,
          minmay_lizard_king
D:4:      layout_rooms, nicolae_elyvilon_temple_path,
          mainiacjoe_overflow_alcove_4

Skill      XL: |  1  2  3  4 |
---------------+-------------+-----
Dodging        | 2 |  2.5
Stealth        | 2 |  2.9
Transmutations | 3 |  3.1
Fighting       | |  1.0
Unarmed Combat | |  3.9
Spellcasting   | |  2.0

Action                   |  1- 3 |  4- 6 || total
-------------------------+-------+-------++-------
Melee: Unarmed           |    93 |    85 ||   178
       Headbutt          |     8 |     1 ||     9
       Punch             |     3 |       ||     3
 Cast: Beastly Appendage |     7 |     4 ||    11
 Abil: Spit Poison       |     6 |    11 ||    17
  Use: Potion            |       |     2 ||     2
 Stab: Sleeping          |       |     7 ||     7
Armor: Robe              |    23 |    19 ||    42
Dodge: Dodged            |    50 |    32 ||    82

Table legend: (Time is in decaauts)
 A = Elapsed time spent in this place.
 B = Non-inter-level travel time spent in this place.
 C = Inter-level travel time spent in this place.
 D = Time resting spent in this place.
 E = Time spent auto-exploring this place.
 F = Levels seen in this place.
 G = Mean time per level.
                   A        B        C        D        E       F      G
               +--------+--------+--------+--------+--------+-----+--------+
         Total |   4058 |   3939 |    119 |   1078 |   2118 |   4 | 1014.5 |
       Dungeon |   4058 |   3939 |    119 |   1078 |   2118 |   4 | 1014.5 |
               +--------+--------+--------+--------+--------+-----+--------+

Top non-repeatable levels by time:
     D:1: 1419 daAuts
     D:3: 1408 daAuts
     D:2: 1070 daAuts
     D:4: 160 daAuts
